 Dungeon Crawl Stone Soup version 0.22.1-2-g9c5b331383 (webtiles) character file.

81 Knorrr the Grasshopper (level 4, 0/36 HPs)
             Began as a Demigod Warper on Dec 30, 2018.
             Killed from afar by an orc wizard (7 damage)
             ... with a magic dart
             ... on level 4 of the Dungeon.
             The game lasted 00:11:18 (1821 turns).

Knorrr the Grasshopper (Demigod Warper)             Turns: 1821, Time: 00:11:19

Health: 0/36       AC:  3    Str: 16    XL:     4   Next: 0%
Magic:  4/10       EV: 12    Int: 17    God:
Gold:   48         SH:  0    Dex: 15    Spells: 2/7 levels left

rFire    . . .     SeeInvis .   a - +3 falchion
rCold    . . .     Gourm    .   (no shield)
rNeg     . . .     Faith    .   b - +0 leather armour
rPois    .         Spirit   .   (no helmet)
rElec    .         Reflect  .   (no cloak)
rCorr    .         Harm     .   (no gloves)
MR       .....                  (no boots)
Stlth    +.........             (no amulet)
HPRegen  0.12/turn              (no ring)
MPRegen  0.12/turn              (no ring)

@: no status effects
A: high mp 1
a: no special abilities


You were on level 4 of the Dungeon.
You were not hungry.

You visited 1 branch of the dungeon, and saw 4 of its levels.

You collected 48 gold pieces.

Inventory:

Hand Weapons
 a - a +3 falchion (weapon)
 h - a +0 dagger
Missiles
 g - 30 stones (quivered)
Armour
 b - a +0 leather armour (worn)
Scrolls
 d - a scroll of blinking
Comestibles
 f - 2 rations


   Skills:
 + Level 2.1 Fighting
 + Level 2.2 Long Blades
 + Level 1.0 Throwing
 * Level 1.9 Armour
 * Level 2.0 Dodging
 + Level 0.6 Stealth
 + Level 2.1 Spellcasting
 * Level 3.1 Translocations


You had 2 spell levels left.
You knew the following spells:

 Your Spells              Type           Power        Failure   Level  Hunger
a - Shroud of Golubria    Chrm/Tloc      #.........   19%         2    ###....
b - Gell's Gravitas       Tloc           ##........   21%         3    ###....

Your spell library contained the following spells:

 Spells                   Type           Power        Failure   Level  Hunger
 Blink                    Tloc           N/A          10%         2    ###....
 Lesser Beckoning         Tloc           ##........   21%         3    ###....
 Teleport Other           Tloc           ##......     21%         3    ###....
 Passage of Golubria      Tloc           N/A          54%         4    #####..


Dungeon Overview and Level Annotations

Branches:
Dungeon (4/15)             Temple (0/1) D:4


Innate Abilities, Weirdness & Mutations

You have an increased reservoir of magic. (+10% MP)


Message History

* * * LOW HITPOINT WARNING * * *
The orc wizard mumbles some strange words.
The orc wizard blinks!
Throwing (i - inventory. (/) - cycle)
e - a tomahawk of dispersal (quivered)
Press: ? - help, Shift-Dir - straight line, f/p - orc priest
Aim: an orc priest, wielding a club (heavily wounded)
You throw a tomahawk of dispersal.
The tomahawk of dispersal hits the orc priest.
The orc priest blinks!
The orc priest is severely wounded.
The orc priest calls upon Beogh to heal the orc wizard.
The orc wizard is healed somewhat.
Throwing (i - inventory)
g - 31 stones (quivered)
Press: ? - help, Shift-Dir - straight line, f/p - orc priest
Aim: an orc priest, wielding a club (severely wounded)
You throw a stone.
The stone closely misses the orc priest.
The orc wizard casts a spell at you. The magic dart hits you!
You die...

########.#.# #.#.#
#.#.# #.#.# #.#.#
#.#.### +####
#.#...#
.o...§########.###.#
(o....§@.........#.#
.#############.#.#.#
#.#.#.# #.#.#.#
#.#.#.# #.#.#.#
#####.#.#†##### (..
... .......>.......
..######.#
#####.#.#......


You could see an orc priest and an orc wizard.

Vanquished Creatures
  An orc wizard (D:4)
  2 adders (D:2)
  An ooze (D:1)
  2 worms (D:2)
  A dart slug (D:1)
  A leopard gecko (D:4)
  2 orcs (D:4)
  2 giant cockroaches (D:2)
  4 goblins
  A jackal (D:4)
  2 kobolds (D:1)
  A ball python (D:2)
  4 bats
  2 frilled lizards (D:2)
  2 rats (D:2)
28 creatures vanquished.

Notes
Turn   | Place    | Note
-------+----------+-------------------------------------------
     0 | D:1      | Knorrr the Demigod Warper began the quest for the Orb.
     0 | D:1      | Reached XP level 1. HP: 17/17 MP: 5/5
   492 | D:1      | Reached skill level 1 in Armour
   492 | D:1      | Reached XP level 2. HP: 19/24 MP: 7/7
   504 | D:1      | Learned a level 2 spell: Shroud of Golubria
   618 | D:2      | Reached skill level 1 in Throwing
   979 | D:2      | Found a burning altar of Makhleb.
   990 | D:2      | Reached XP level 3. HP: 23/29 MP: 6/8
  1326 | D:2      | Found a shattered altar of Ashenzari.
  1605 | D:3      | Learned a level 3 spell: Gell's Gravitas
  1707 | D:4      | Found a staircase to the Ecumenical Temple.
  1721 | D:4      | Reached skill level 3 in Translocations
  1818 | D:4      | Reached XP level 4. HP: 10/36 MP: 3/10
  1821 | D:4      | Killed from afar by an orc wizard

Skill      XL: |  1  2  3 |
---------------+----------+-----
Spellcasting   | 2 |  2.1
Long Blades    | 2 |  2.2
Armour         | 1 |  1.9
Fighting       | 2 |  2.1
Throwing       | 1 |  1.0
Translocations | 3 |  3.1
Dodging        | 2 |  2.0
Stealth        | |  0.6

Action                   |  1- 3 |  4- 6 || total
-------------------------+-------+-------++-------
Melee: Falchion          |    98 |       ||    98
Throw: Stone             |    22 |     1 ||    23
       Tomahawk          |     3 |     2 ||     5
 Cast: Shroud of Golubri |     1 |       ||     1
       Gell's Gravitas   |     2 |       ||     2
  Use: Scroll            |     5 |       ||     5
 Stab: Sleeping          |     1 |       ||     1
  Eat: Chunk             |     3 |       ||     3
Armor: Leather armour    |    25 |       ||    25
Dodge: Dodged            |    72 |       ||    72
       Rpst.: Falchion   |    21 |       ||    21
